 Dungeon Sprint DCSS version 0.27.0-1-g7a089689b8 (webtiles) character file.

Game seed: 6821689627024077721

53280 Groucho the Impregnable (level 14, -1/151 HPs)
             Began as a Minotaur Fighter on Aug 6, 2021.
             Was the Champion of Cheibriados.
             Killed from afar by a lich (61 damage)
             ... with a bolt of cold
             ... in the Dungeon (Sprint VII: "The Pits").
             The game lasted 00:15:01 (6578 turns).

Groucho the Impregnable (Minotaur Fighter)          Turns: 6578, Time: 00:15:01

Health: -1/151     AC: 29    Str: 38    XL:     14   Next: 30%
Magic:  35/35      EV: 12    Int: 25    God:    Cheibriados [******]
Gold:   53         SH: 29    Dex: 34    Spells: 13/13 levels left

rFire    + + +     SeeInvis .   s - +2 war axe (freeze)
rCold    . . .     Faith    .   D - +1 tower shield
rNeg     . . .     Spirit   .   t - +4 chain mail
rPois    .         Reflect  .   B - +3 hat of Pondering {ponderous, Will+ MP+10 Int+5}
rElec    +         Harm     .   f - +0 cloak of Imperfection {*Slow rElec rF+++ Dex+3}
rCorr    .         Rampage  .   E - +1 pair of gloves
Will     ++...     NoTele   +   a - +0 pair of boots
Stlth    ..........             (no amulet)
HPRegen  0.35/turn              p - +3 ring of evasion
MPRegen  0.24/turn              q - +3 ring of dexterity

@: very slow
A: horns 2, retaliatory headbutt
a: Renounce Religion, Bend Time, Temporal Distortion, Slouch, Step From Time


You were in the Dungeon.
You worshipped Cheibriados.
Cheibriados was exalted by your worship.
You visited 1 branch You collected 53 gold pieces.

Inventory:

Hand Weapons
 o - a +2 vorpal morningstar
 s - a +2 war axe of freezing (weapon)
Missiles
 n - 13 stones (quivered)
Armour
 a - a +0 pair of boots (worn)
 b - a +0 pair of gloves
 c - a +0 kite shield
 f - the +0 cloak of Imperfection (worn) {*Slow rElec rF+++ Dex+3}
   (You found it in the Dungeon)

   Dex:       It affects your dexterity (+3).
   rF:        It renders you almost immune to fire.
   rElec:     It insulates you from electricity.
   *Slow:     It may slow you when you take damage.
 t - a +4 chain mail (worn)
 B - the +3 hat of Pondering (worn) {ponderous, Will+ MP+10 Int+5}
   (You took it off Gastronok in the Dungeon)

   Int:       It affects your intelligence (+5).
   MP:        It affects your magic capacity (+10).
   Will:      It increases your willpower.
 D - a +1 tower shield (worn)
 E - a +1 pair of gloves (worn)
Jewellery
 p - a +3 ring of evasion (left hand)
 q - a +3 ring of dexterity (right hand)
 v - a ring of see invisible
 w - the ring of Jealousy {EV+4 Int+2 Dex+2 Slay+2}
   (You found it in the Dungeon)

   [ring of evasion]

   EV:        It affects your evasion (+4).
   Int:       It affects your intelligence (+2).
   Dex:       It affects your dexterity (+2).
   Slay:      It affects your accuracy & damage with ranged weapons and melee
   (+2).
 A - a ring of protection from cold
 F - a ring of fire
Wands
 C - a wand of iceblast (17)
Scrolls
 j - 2 scrolls of blinking
 l - 5 scrolls of amnesia
 m - a scroll of summoning
 x - 2 scrolls of fog
 y - 2 scrolls of fear
 z - a scroll of identify
Potions
 d - 2 potions of might
 e - 9 potions of curing
 g - 2 potions of haste
 h - 4 potions of magic
 i - 5 potions of berserk rage
 k - a potion of invisibility
 r - 2 potions of brilliance
 u - a potion of mutation


   Skills:
 + Level 21.1 Fighting
 - Level 18.0 Axes
 + Level 21.2 Armour
 + Level 21.2 Shields
 + Level 17.6 Invocations


You had 13 spell levels left.
You didn't know any spells.
Your spell library contained the following spells:

 Spells                   Type           Power      Damage    Failure   Level
 Summon Lightning Spire   Summ/Air       0%         N/A       99%         4
 Storm Form               Tmut/Air       0%         N/A       100%        7
 Maxwell's Capacitive Co  Air            0%         ∞         100%        8


Dungeon Overview and Level Annotations

Branches:
Dungeon (1/1)

Altars:
Ashenzari
Cheibriados
Dithmenos
Elyvilon
Fedhas
Gozag
Hepliaklqana
Kikubaaqudgha
Makhleb
Nemelex Xobeh
Okawaru
Qazlal
Ru
Sif Muna
Trog
Uskayaw
Vehumet
Wu Jian
Xom
Yredelemnul
Zin
The Shining One
Beogh
Jiyva
Lugonu


Innate Abilities, Weirdness & Mutations

You have a pair of horns on your head.
You reflexively headbutt those who attack you in melee.


Message History

You headbutt the deep elf annihilator!
The deep elf annihilator is almost dead.
The deep elf annihilator closely misses you.
You furiously retaliate!
You headbutt the deep elf annihilator!
You kill the deep elf annihilator!
Cheibriados appreciates the change of pace.
The lich gestures wildly while chanting.
The lich flickers and vanishes!
Deactivating autopickup; reactivate with Ctrl-A.
A nagaraja comes into view. It is wielding a +0 spear.
Unknown command.
There is a huge open gate to the Coven (Very Hard) here.
Unknown command.
Unknown command.
The deep elf annihilator gestures at you while chanting.
The crystal spear hits you!!!
Unknown command.
Something touches you but does no damage.
The deep elf annihilator gestures at you while chanting.
The poison arrow misses you.
You slice the deep elf annihilator!! You freeze the deep elf annihilator!
The deep elf annihilator is severely wounded.
You hit something.
You hear some strange, mumbled words.
Something tries to affect you, but you resist.
You block the deep elf annihilator's attack.
Something touches you but does no damage.
Your shield and chain mail prevent you from hitting the deep elf annihilator.
The deep elf annihilator is severely wounded.
You closely miss something. You block something's attack.
You closely miss the deep elf annihilator.
Your headbutt misses the deep elf annihilator.
The deep elf annihilator is severely wounded.
You hit something.
The deep elf annihilator completely misses you.
You furiously retaliate!
You headbutt the deep elf annihilator!!
You hear some strange, mumbled words.
A bolt of cold appears from out of thin air!
The bolt of cold hits you!!!
You die...

''##############).#
))...#[['...'[[#).#
.....#[[#...#..#))#
).#######...####..#
))...#)........#..#
).)...)).......#..#
.....#)........#..#
..####.##'###'##..#
###((#.#[[#[[[[#@.#
#((')#[[#[[.[#{e#
##############''#
#)'# #)).# #...##
#...## ....# .#..N


You could see a deep elf annihilator.

Vanquished Creatures
  A death cob (D)
  Gastronok (D)
  A rockslime (D)
  A shadow dragon (D)
  2 nagarajas (D)
  A draconian scorcher (D)
  2 orc warlords (D)
  A deep elf demonologist (D)
  A deep elf annihilator (D)
  A lorocyproca (D)
  An eidolon (D)
  2 naga warriors (D)
  3 vault guards (D)
  An anaconda (D)
  A merfolk avatar (D)
  Erolcha (D)
  An ogre mage (D)
  A two-headed ogre (D)
  A death knight (D)
  5 hell hogs (D)
  A dancing weapon (D)
  A death yak (D)
  A vampire mage (D)
  A sun demon (D)
  A naga sharpshooter (D)
  An orc high priest (D)
  Sonja (D)
  4 deep elf knights (D)
  An iron troll (D)
  A sixfirhy (D)
  2 wizards (D)
  A lindwurm (D)
  2 orc sorcerers (D)
  11 orc knights (D)
  A wolf spider (D)
  A manticore (D)
  A salamander (shapeshifter) (D)
  A large abomination (D)
  Joseph (D)
  An elephant (D)
  A naga mage (D)
  An orange demon (D)
  A rime drake (D)
  A demonic crawler (D)
  A komodo dragon (D)
  An ice devil (D)
  A guardian mummy (D)
  2 merfolk (D)
  16 blink frogs (D)
  A snapping turtle (D)
  7 dream sheep (D)
  2 shadows (D)
  A spriggan (shapeshifter) (D)
  A wandering mushroom (D)
  A water elemental (D)
  A spriggan (D)
  An air elemental (D)
  A fire bat (D)
  A wyvern (D)
  A wraith (D)
  A basilisk (D)
  A yak (shapeshifter) (D)
  A neqoxec (D)
  A warg (D)
  A naga (D)
  A water moccasin (D)
  An acid dragon (D)
  2 small abominations (D)
  2 floating eyes (D)
  3 orc warriors (D)
  A swamp drake (D)
  Purgy (D)
  A black bear (D)
  A necrophage (D)
  2 ogres (D)
  2 wolves (D)
  2 centaurs (D)
  A scorpion (D)
  3 killer bees (D)
  A crimson imp (D)
  A quasit (D)
  2 iron imps (D)
  An orc priest (D)
  2 orc wizards (D)
  2 river rats (D)
  2 white imps (D)
  A worm (D)
  An adder simulacrum (D)
  6 orcs (D)
  2 ball pythons (D)
  2 bats (D)
  2 endoplasms (D)
  A giant cockroach (D)
  A kobold (D)
  3 quokkas (D)
  2 rats (D)
167 creatures vanquished.

Vanquished Creatures (others)
  An ice devil (D)
1 creature vanquished.

Grand Total: 168 creatures vanquished

Notes
Turn   | Place    | Note
-------+----------+-------------------------------------------
     0 | D        | Groucho the Minotaur Fighter began the quest for the Orb.
     0 | D        | Reached XP level 1. HP: 19/19 MP: 0/0
     8 | D        | Noticed a scorpion
    13 | D        | Killed a scorpion
    14 | D        | Reached skill level 5 in Fighting
    14 | D        | Reached skill level 5 in Armour
    14 | D        | Reached skill level 5 in Shields
    14 | D        | Reached XP level 2. HP: 14/30 MP: 1/1
    14 | D        | Reached XP level 3. HP: 17/37 MP: 2/2
   402 | D        | Found a bloodstained altar of Trog.
   402 | D        | Found a shimmering blue altar of Sif Muna.
   402 | D        | Found a viscous altar of Jiyva.
   402 | D        | Found a hazy altar of Hepliaklqana.
   402 | D        | Found an opulent altar of Gozag.
   403 | D        | Found a glowing golden altar of the Shining One.
   403 | D        | Found a glowing silver altar of Zin.
   403 | D        | Found a basalt altar of Yredelemnul.
   403 | D        | Found a shimmering altar of Xom.
   403 | D        | Found an ornate altar of the Wu Jian Council.
   403 | D        | Found a sacrificial altar of Ru.
   403 | D        | Found a stormy altar of Qazlal.
   403 | D        | Found an iron altar of Okawaru.
   403 | D        | Found a sparkling altar of Nemelex Xobeh.
   403 | D        | Found a burning altar of Makhleb.
   403 | D        | Found a blossoming altar of Fedhas.
   403 | D        | Found a white marble altar of Elyvilon.
   403 | D        | Found a shadowy altar of Dithmenos.
   403 | D        | Found a snail-covered altar of Cheibriados.
   405 | D        | Found a radiant altar of Vehumet.
   405 | D        | Found a corrupted altar of Lugonu.
   406 | D        | Found a hide-covered altar of Uskayaw.
   406 | D        | Found an ancient bone altar of Kikubaaqudgha.
   406 | D        | Found a broken altar of Ashenzari.
   414 | D        | Became a worshipper of Cheibriados the Contemplative
   433 | D        | Reached skill level 5 in Axes
   434 | D        | Reached * piety under Cheibriados
   441 | D        | Reached ** piety under Cheibriados
   453 | D        | Reached *** piety under Cheibriados
   454 | D        | Noticed an ogre
   460 | D        | Killed an ogre
   461 | D        | Reached XP level 4. HP: 41/47 MP: 3/3
   461 | D        | Reached XP level 5. HP: 46/52 MP: 4/4
   714 | D        | Noticed a water moccasin
   714 | D        | Noticed a centaur
   714 | D        | Noticed a wolf
   722 | D        | Killed a water moccasin
   722 | D        | Reached **** piety under Cheibriados
   727 | D        | Killed a wolf
   728 | D        | Reached XP level 6. HP: 42/62 MP: 4/7
   729 | D        | Reached ***** piety under Cheibriados
   732 | D        | Noticed Purgy
   740 | D        | Killed Purgy
   741 | D        | Reached XP level 7. HP: 39/70 MP: 6/9
  1173 | D        | Noticed a fire bat
  1177 | D        | Killed a fire bat
  1178 | D        | Reached skill level 5 in Invocations
  1189 | D        | Noticed a blink frog
  1195 | D        | Killed a blink frog
  1196 | D        | Reached skill level 10 in Fighting
  1196 | D        | Reached skill level 10 in Armour
  1196 | D        | Reached skill level 10 in Shields
  1270 | D        | Reached ****** piety under Cheibriados
  1271 | D        | Reached skill level 10 in Axes
  1271 | D        | Reached XP level 8. HP: 80/80 MP: 5/11
  1471 | D        | Noticed a merfolk
  1472 | D        | Noticed a death yak
  1486 | D        | Killed a death yak
  1486 | D        | Killed a merfolk
  2025 | D        | Noticed an orc sorcerer
  2025 | D        | Noticed an orc high priest
  2026 | D        | Noticed a demonic crawler
  2027 | D        | Killed an orc sorcerer
  2028 | D        | Reached XP level 9. HP: 90/90 MP: 2/14
  2028 | D        | Noticed a hell hog
  2028 | D        | Noticed a hell hog
  2029 | D        | Noticed a hell hog
  2029 | D        | Noticed a hell hog
  2030 | D        | Killed an orc high priest
  2035 | D        | Killed a hell hog
  2035 | D        | Killed a hell hog
  2036 | D        | Reached XP level 10. HP: 76/101 MP: 3/16
  2041 | D        | Reached skill level 10 in Invocations
  2042 | D        | Killed a hell hog
  2044 | D        | Killed a hell hog
  2070 | D        | Reached XP level 11. HP: 53/111 MP: 4/18
  2460 | D        | Noticed a lindwurm
  2464 | D        | Killed a lindwurm
  2830 | D        | Reached skill level 15 in Fighting
  2830 | D        | Reached skill level 15 in Armour
  2830 | D        | Reached skill level 15 in Shields
  2850 | D        | Reached skill level 15 in Axes
  2876 | D        | Noticed a deep elf knight
  2883 | D        | Killed a deep elf knight
  3071 | D        | Noticed a vampire mage
  3072 | D        | Noticed a two-headed ogre
  3078 | D        | Killed a two-headed ogre
  3078 | D        | Killed a vampire mage
  3125 | D        | Got the ring of Jealousy {EV+4 Int+2 Dex+2 Slay+2}
  3608 | D        | Noticed a merfolk avatar
  3622 | D        | Killed a merfolk avatar
  3623 | D        | Reached XP level 12. HP: 124/124 MP: 20/20
  3747 | D        | Noticed a death knight
  3747 | D        | Noticed a nagaraja
  3751 | D        | Killed a nagaraja
  3753 | D        | Killed a death knight
  3834 | D        | Noticed Gastronok
  3834 | D        | Noticed Sonja
  3845 | D        | Killed Sonja
  3846 | D        | Killed Gastronok
  4382 | D        | Noticed an orc warlord
  4382 | D        | Noticed an orc warlord
  4383 | D        | Noticed a deep elf demonologist
  4386 | D        | Killed a deep elf demonologist
  4387 | D        | Reached XP level 13. HP: 132/134 MP: 17/22
  4389 | D        | Killed an orc warlord
  4389 | D        | Killed an orc warlord
  4390 | D        | Reached skill level 15 in Invocations
  4666 | D        | Noticed a green draconian scorcher
  4668 | D        | Noticed an eidolon
  4671 | D        | Killed a green draconian scorcher
  4675 | D        | Killed an eidolon
  5151 | D        | Noticed a rockslime
  5162 | D        | HP: 3/138 [rockslime (9)]
  5172 | D        | Killed a rockslime
  5536 | D        | Got the +0 cloak of Imperfection {*Slow rElec rF+++ Dex+3}
  5942 | D        | Noticed Erolcha
  5949 | D        | Killed Erolcha
  5956 | D        | Noticed a nagaraja
  5979 | D        | Killed a lorocyproca
  5986 | D        | Killed a nagaraja
  5987 | D        | Reached XP level 14. HP: 12/149 MP: 0/25
  6309 | D        | Noticed a death cob
  6325 | D        | Killed a death cob
  6326 | D        | Paralysed by an air elemental for 1 turns
  6365 | D        | Noticed Joseph
  6372 | D        | Killed Joseph
  6398 | D        | Paralysed by a floating eye for 3 turns
  6440 | D        | Identified the +6 great sword of the Nine Seas {spect, Fly
                  | rC+ rN+ Will-}
  6547 | D        | Noticed a shadow dragon
  6560 | D        | Killed a shadow dragon
  6569 | D        | Noticed a lich
  6570 | D        | Noticed a nagaraja
  6578 | D        | Killed from afar by a lich

Illustrated notes

Levels and vault maps discovered:
D:        pitsprint [storerooms_1, entrance_room_1, metal_vault_5, armoury_2,
          mini_pit_1, grid_room_1, main_hall_1, silver_pit, the_coven_1,
          the_vestibule_1, steel_vault_2, golden_pit, hallway_of_sentries,
          crystal_vault_3, iron_vault_4, final_vault]

Skill      XL: |  1  2  3  4  5  6  7  8  9 10 11 12 13 14 |
---------------+-------------------------------------------+-----
Fighting       | 5 7 8 9 10 12 13 14 16 18 20 21 | 21.1
Axes           | 4 6 8 9 10 11 13 14 16 17 18 | 18.0
Armour         | 5 7 8 9 10 12 13 14 16 18 20 21 | 21.2
Shields        | 5 7 8 9 10 12 13 14 16 18 20 21 | 21.2
Invocations    | 3 4 6 8 9 11 13 14 16 17 | 17.6

Action                   |  1- 3 |  4- 6 |  7- 9 | 10-12 | 13-15 || total
-------------------------+-------+-------+-------+-------+-------++-------
Melee: War axe           |    16 |    20 |    23 |   111 |   134 ||   304
       Headbutt          |     4 |     7 |     7 |    48 |    66 ||   132
Invok: Slouch            |       |       |     5 |    18 |    18 ||    41
       Bend Time         |       |       |       |       |     1 ||     1
  Use: Potion            |     1 |       |     2 |     2 |    16 ||    21
       Scroll            |       |       |       |       |     2 ||     2
 Stab: Invisible         |     1 |       |       |       |       ||     1
Armor: Scale mail        |     6 |     2 |       |       |       ||     8
       Chain mail        |       |    17 |    16 |    26 |    57 ||   116
Dodge: Dodged            |     5 |     9 |    19 |    39 |    39 ||   111
Block: Kite shield       |     6 |    21 |    32 |   114 |    45 ||   218
       Tower shield      |       |       |       |       |   141 ||   141
